 Dungeon Crawl Stone Soup version 0.17-a0-1078-g243345b (webtiles) character file.

35 l0ser140 the Sneak (level 3, 0/19 HPs)
             Began as a Kobold Enchanter on May 19, 2015.
             Killed from afar by Terence (11 damage)
             ... with a wand of frost
             ... on level 2 of the Dungeon.
             The game lasted 00:02:45 (1670 turns).

l0ser140 the Sneak (Kobold Enchanter)               Turns: 1670, Time: 00:02:46

Health: 0/19       AC:  3    Str:  6    XL:     3   Next: 55%
Magic:  6/6        EV: 15    Int: 14    God:
Gold:   51         SH:  0    Dex: 16    Spells: 1 memorised, 5 levels left

rFire  . . .     SeeInvis .     a - +1 dagger
rCold  . . .     Clarity  .     b - +1 robe
rNeg   . . .     SustAb   .     (shield restricted)
rPois  .         Gourm    .     (no helmet)
rElec  .         Spirit   .     (no cloak)
rCorr  .         Warding  .     (no gloves)
rMut   .         Stasis   .     (no boots)
MR     .....                    (no amulet)
Stlth  +++.......               (no ring)
                                g - ring of flight

@: not resistant to hostile enchantments, fairly stealthy
A: carnivore 3
a: Evoke Flight


You were on level 2 of the Dungeon.
You were not hungry.

You visited 1 branch of the dungeon, and saw 2 of its levels.

You collected 51 gold pieces.

Inventory:

Hand weapons
 a - a +1 dagger (weapon)
Missiles
 l - 4 stones (quivered)
Armour
 b - a +1 robe (worn)
Jewellery
 g - a ring of flight (left hand)
   (You took it off a goblin on level 1 of the Dungeon)
Scrolls
 f - a scroll of enchant weapon {unknown}
 i - 2 scrolls of noise {unknown}
 j - a scroll of identify {unknown}
 k - 2 scrolls of teleportation {unknown}
 m - a scroll of remove curse {unknown}
Potions
 e - a potion of might {unknown}
 h - a potion of resistance {unknown}
Books
 c - a book of Maledictions

   Spells                             Type                      Level
   a - Corona                         Hexes                        1
   b - Ensorcelled Hibernation        Hexes/Ice                    2
   c - Confuse                        Hexes                        3
   d - Tukima's Dance                 Hexes                        3
   e - Dazzling Spray                 Conjuration/Hexes            3
Comestibles
 d - a meat ration


   Skills:
 - Level 1.3 Short Blades
 - Level 2.4 Dodging
 + Level 4.7 Stealth
 - Level 2.0 Spellcasting
 + Level 3.9 Hexes


You had 5 spell levels left.
You knew the following spells:

 Your Spells              Type           Power        Failure   Level  Hunger
y - Corona                Hex            ##.....      6%          1    ##.....


Dungeon Overview and Level Annotations

Branches:
Dungeon (2/15)

Altars:

Annotations:
D:2 Terence


Innate Abilities, Weirdness & Mutations

You are small and have problems with some larger weapons.
You are carnivorous and can eat meat at any time.


Message History

You barely miss the jackal.
The jackal is severely wounded.
The jackal closely misses you.
You hit the jackal.
The jackal is almost dead.
The jackal closely misses you.
You hit the jackal but do no damage.
The jackal is almost dead.
The jackal bites you but does no damage.
The jackal barely misses you.
You hit the jackal.
You kill the jackal!
You hit the jackal.
The jackal is moderately wounded.
The jackal closely misses you.
You hit the jackal.
You kill the jackal!
No target in view!
No target in view!
Terence the Incautious comes into view.
He is wielding a mace of crushing.
Found a club.
Press: ? - help, . - travel You can't see that place. [the floor.] Placed new exclusion.
No target in view!
You see here a club.
Partly explored, can't reach some places.
Partly explored, can't reach some places.
Press: ? - help, . - travel You can't see that place. [the floor.] Reduced exclusion size to a single square.
Removed exclusion.
A giant cockroach comes into view.
You see here a scroll labeled ZERONGOGON.
The helpless Terence fails to defend himself.
You puncture Terence!
Terence is severely wounded.
Terence hits you with a mace of crushing.
Damage: -15%(-3hp) hp: 85%(16hp)
You hit Terence but do no damage.
Terence is severely wounded.
Terence zaps a wand.
The puff of frost hits you!
It is a wand of frost.
Huge Dmg: -27%(-5hp) hp: 58%(11hp)
You hit Terence but do no damage.
Terence is severely wounded.
Terence zaps a wand.
The puff of frost hits you!
Ouch! That really hurt!
You die...

#..####..###.>...
#..# #.## ####..
############..# #.#
## #.....).......#
#.# #.##########.##
.#
#............####...
###########........
#..####.. #K.#
.....s@..#
.######..# ...# ####


You could see Terence and a giant cockroach.

Vanquished Creatures
  An adder skeleton (D:2)
  A worm (D:2)
  2 bats (D:1)
  A bat skeleton (D:2)
  2 bat zombies (D:2)
  5 goblins (D:1)
  3 hobgoblins (D:1 D:2)
  2 jackals (D:2)
  A ball python zombie (D:2)
  4 giant cockroaches (D:1 D:2)
  2 giant cockroach zombies (D:2)
  2 giant gecko skeletons (D:2)
  A kobold (D:2)
  A quokka zombie (D:2)
  A rat (D:2)
29 creatures vanquished.

Notes
Turn   | Place    | Note
--------------------------------------------------------------
     0 | D:1      | l0ser140 the Kobold Enchanter began the quest for the Orb.
     0 | D:1      | Reached XP level 1. HP: 10/10 MP: 3/3
   184 | D:1      | Reached XP level 2. HP: 15/15 MP: 5/5
   758 | D:1      | Huge Dmg: 4 Dmg
  1215 | D:2      | Huge Dmg: 4 Dmg
  1218 | D:2      | Reached XP level 3. HP: 11/19 MP: 6/6
  1630 | D:2      | Noticed Terence
  1670 | D:2      | Huge Dmg: 5 Dmg
  1670 | D:2      | Killed from afar by Terence

Vault maps used:
D:1:      roderic_crossed_star, supply_closet_lemuel
D:2:      lemuel_zombie_altar_kikubaaqudgha, serial_undead, serial_undead_a,
          serial_undead_d, serial_undead_c, serial_undead_e, serial_undead_b,
          serial_undead_c, serial_undead_d, serial_undead_f, serial_undead_b,
          serial_undead_e, uniq_terence

Action                   || total
-------------------------++-------
Melee: Dagger            ||   124
 Stab: Sleeping          ||     5
  Eat: Chunk             ||     3

Vault maps used:
D:1:      roderic_crossed_star, supply_closet_lemuel
D:2:      lemuel_zombie_altar_kikubaaqudgha, serial_undead, serial_undead_a,
          serial_undead_d, serial_undead_c, serial_undead_e, serial_undead_b,
          serial_undead_c, serial_undead_d, serial_undead_f, serial_undead_b,
          serial_undead_e, uniq_terence
